TOP OF THE 1ST |
Springfield Stars batting - Pitching for Los Cabos Cartel : LHP Francisco Pérez
|
Pitching: LHP Francisco Pérez
|
|
Batting: RHB Juan Rodríguez
|
0-0: Ball 1-0: Ball 2-0: Called Strike 2-1: Ball 3-1: Swinging Strike 3-2: Foul Ball, location: 2F 3-2: Fly out, F8 (Flyball, 8RM)
|
Batting: RHB Calvin Bennett
|
0-0: Foul Ball, location: 2F 0-1: Ball 1-1: Fly out, F7 (Flyball, 7D)
|
Batting: LHB César Valentín
|
0-0: DOUBLE (Groundball, 5L)
|
Batting: LHB Derek Davidson
|
0-0: Ball 1-0: Foul Ball, location: 2F 1-1: Foul Ball, location: 2F 1-2: Ball 2-2: Strikes out swinging
|
Top of the 1st over - 0 run(s), 1 hit(s), 0 error(s), 1 left on base; Springfield 0 - Los Cabos 0 |
BOTTOM OF THE 1ST |
Los Cabos Cartel batting - Pitching for Springfield Stars : LHP José López
|
Pitching: LHP José López
|
|
Batting: RHB Dan Mason
|
0-0: Ball 1-0: Ball 2-0: Ground out 5-3 (Groundball, 56)
|
Batting: RHB Oliver Hernández
|
0-0: Called Strike 0-1: Called Strike 0-2: Ball 1-2: Ball 2-2: Ball 3-2: Fly out, F6 (Line Drive, 6)
|
Batting: LHB José Rivas
|
0-0: Foul Ball, location: 2F 0-1: Ball 1-1: Ball 2-1: Ground out U3 (Groundball, 3S)
|
Bottom of the 1st over - 0 run(s), 0 hit(s), 0 error(s), 0 left on base; Springfield 0 - Los Cabos 0 |
TOP OF THE 2ND |
Springfield Stars batting - Pitching for Los Cabos Cartel : LHP Francisco Pérez
|
Batting: SHB David García
|
0-0: Called Strike 0-1: Ball 1-1: Ball 2-1: SINGLE (Line Drive, 8LS)
|
Batting: RHB Miguel Salinas
|
0-0: Ball 1-0: DOUBLE (Flyball, 8LXD) David García to third
|
Batting: RHB José Pinto
|
0-0: Foul Ball, location: 2F 0-1: Swinging Strike 0-2: Ball 1-2: Strikes out swinging
|
Batting: RHB Miguel Monteagudo
|
0-0: Foul Ball, location: 2F 0-1: Ball 1-1: Ball 2-1: Foul Ball, location: 2F 2-2: Strikes out swinging
|
Batting: LHB Felipe Guerrero
|
0-0: Swinging Strike 0-1: Ball 1-1: Ball 2-1: Foul Ball, location: 2F 2-2: Ground out 5-3 (Groundball, 56S)
|
Top of the 2nd over - 0 run(s), 2 hit(s), 0 error(s), 2 left on base; Springfield 0 - Los Cabos 0 |
BOTTOM OF THE 2ND |
Los Cabos Cartel batting - Pitching for Springfield Stars : LHP José López
|
Batting: RHB Oliver Lugo
|
0-0: Called Strike 0-1: Called Strike 0-2: Ball 1-2: Ball 2-2: Strikes out swinging
|
Batting: LHB Luis González
|
0-0: Swinging Strike 0-1: Foul Ball, location: 2F 0-2: Ground out 4-3 (Groundball, 34)
|
Batting: RHB Sam Wallace
|
0-0: Ball 1-0: Called Strike 1-1: Called Strike 1-2: Ball 2-2: Ball 3-2: Strikes out swinging
|
Bottom of the 2nd over - 0 run(s), 0 hit(s), 0 error(s), 0 left on base; Springfield 0 - Los Cabos 0 |
TOP OF THE 3RD |
Springfield Stars batting - Pitching for Los Cabos Cartel : LHP Francisco Pérez
|
Batting: RHB Juan Rodríguez
|
0-0: Ball 1-0: SINGLE (Groundball, 6D)
|
Batting: RHB Calvin Bennett
|
0-0: Ball 1-0: Called Strike 1-1: Foul Ball, location: 2F 1-2: Ball 2-2: Strikes out swinging
|
Batting: LHB César Valentín
|
0-0: Ball 1-0: Foul Ball, location: 2F 1-1: Foul Ball, location: 2F 1-2: Strikes out looking
|
Batting: LHB Derek Davidson
|
0-0: Foul Ball, location: 2F 0-1: Called Strike 0-2: Ground out 4-3 (Groundball, 4)
|
Top of the 3rd over - 0 run(s), 1 hit(s), 0 error(s), 1 left on base; Springfield 0 - Los Cabos 0 |
BOTTOM OF THE 3RD |
Los Cabos Cartel batting - Pitching for Springfield Stars : LHP José López
|
Batting: RHB Edgardo Madrid
|
0-0: Ground out 3-1 (Groundball, 34)
|
Batting: RHB Stephen Wilson
|
0-0: Foul Ball, location: 2F 0-1: Foul Ball, location: 2F 0-2: Ground out 6-3 (Groundball, 6)
|
Batting: LHB Marc Brown
|
0-0: Foul Ball, location: 2F 0-1: Called Strike 0-2: Ball 1-2: Ball 2-2: SINGLE (Groundball, 13) (infield hit)
|
Batting: RHB Dan Mason
|
0-0: Ball 1-0: Called Strike 1-1: Ball 2-1: Fly out, F5 (Line Drive, 5)
|
Bottom of the 3rd over - 0 run(s), 1 hit(s), 0 error(s), 1 left on base; Springfield 0 - Los Cabos 0 |
TOP OF THE 4TH |
Springfield Stars batting - Pitching for Los Cabos Cartel : LHP Francisco Pérez
|
Batting: SHB David García
|
0-0: Ball 1-0: Ball 2-0: Ball 3-0: Base on Balls
|
Batting: RHB Miguel Salinas
|
0-0: Foul Ball, location: 2F 0-1: Swinging Strike 0-2: Ball 1-2: Foul Ball, location: 2F 1-2: Strikes out swinging
|
Batting: RHB José Pinto
|
0-0: Called Strike 0-1: Ball 1-1: Foul Ball, location: 2F 1-2: Foul Ball, location: 2F 1-2: Ball 2-2: Ball 3-2: SINGLE (Groundball, 13S) (infield hit) David García to second
|
Batting: RHB Miguel Monteagudo
|
0-0: Foul Ball, location: 2F 0-1: Ball 1-1: DOUBLE (Line Drive, 9LM) David García scores José Pinto to third
|
Batting: LHB Felipe Guerrero
|
0-0: Called Strike 0-1: Fly out, F1 (Popup, 25)
|
Batting: RHB Juan Rodríguez
|
0-0: Ball 1-0: Ball 2-0: Foul Ball, location: 2F 2-1: Foul Ball, location: 2F 2-2: DOUBLE (Groundball, 5L) José Pinto scores Miguel Monteagudo scores
|
Batting: RHB Calvin Bennett
|
0-0: Foul Ball, location: 2F 0-1: Foul Ball, location: 2F 0-2: Foul Ball, location: 2F 0-2: Ball 1-2: Ground out 4-3 (Groundball, 4)
|
Top of the 4th over - 3 run(s), 3 hit(s), 0 error(s), 1 left on base; Springfield 3 - Los Cabos 0 |
BOTTOM OF THE 4TH |
Los Cabos Cartel batting - Pitching for Springfield Stars : LHP José López
|
Batting: RHB Oliver Hernández
|
0-0: Ball 1-0: Foul Ball, location: 2F 1-1: TRIPLE (Line Drive, 8LS)
|
Batting: LHB José Rivas
|
0-0: Ball 1-0: Called Strike 1-1: Called Strike 1-2: SINGLE (Groundball, 34D) Oliver Hernández scores
|
Batting: RHB Oliver Lugo
|
0-0: Swinging Strike 0-1: Foul Ball, location: 2F 0-2: SINGLE (Groundball, 34D) José Rivas to second Runner from 2nd tries for 3rd, SAFE, no throw or cutoff
|
Batting: LHB Luis González
|
0-0: Ball 1-0: Ball 2-0: Foul Ball, location: 2F 2-1: SINGLE (Line Drive, 4D) José Rivas scores Oliver Lugo to second
|
Batting: RHB Sam Wallace
|
0-0: Ball 1-0: Called Strike Oliver Lugo steals 3rd base Luis González to second 1-1: Ball 2-1: Ball 3-1: Base on Balls
|
Batting: RHB Edgardo Madrid
|
0-0: Ball 1-0: Ball 2-0: Fly out, F2 (Popup, 2LF)
|
Batting: RHB Stephen Wilson
|
0-0: Called Strike 0-1: Grounds into double play, U4-3 (Groundball, 4)
|
Bottom of the 4th over - 2 run(s), 4 hit(s), 0 error(s), 2 left on base; Springfield 3 - Los Cabos 2 |
TOP OF THE 5TH |
Springfield Stars batting - Pitching for Los Cabos Cartel : LHP Francisco Pérez
|
Batting: LHB César Valentín
|
0-0: Ball 1-0: Called Strike 1-1: Called Strike 1-2: Foul Ball, location: 2F 1-2: Foul Ball, location: 2F 1-2: DOUBLE (Flyball, 89XD)
|
Batting: LHB Derek Davidson
|
0-0: Ball 1-0: Ball 2-0: Ball 3-0: Called Strike 3-1: Called Strike 3-2: DOUBLE (Flyball, 9D) César Valentín scores
|
Batting: SHB David García
|
0-0: Foul Ball, location: 2F 0-1: Foul Ball, location: 2F 0-2: Ball 1-2: Foul Ball, location: 2F 1-2: Foul Ball, location: 2F 1-2: Foul Ball, location: 2F 1-2: Fly out, F7 (Flyball, 7S)
|
Pitching: RHP Jorge Jiménez
|
|
Batting: RHB Miguel Salinas
|
0-0: Called Strike 0-1: Foul Ball, location: 2F 0-2: Foul Ball, location: 2F 0-2: Foul Ball, location: 2F 0-2: Ball 1-2: DOUBLE (Line Drive, 4D) Derek Davidson scores
|
Batting: RHB José Pinto
|
0-0: Ground out 4-3 (Groundball, 4M) Miguel Salinas to third
|
Batting: RHB Miguel Monteagudo
|
0-0: Fly out, F7 (Line Drive, 7LM)
|
Top of the 5th over - 2 run(s), 3 hit(s), 0 error(s), 1 left on base; Springfield 5 - Los Cabos 2 |
BOTTOM OF THE 5TH |
Los Cabos Cartel batting - Pitching for Springfield Stars : LHP José López
|
Batting: LHB Marc Brown
|
0-0: Ball 1-0: Ball 2-0: Foul Ball, location: 2F 2-1: Fly out, F4 (Line Drive, 4D)
|
Batting: RHB Dan Mason
|
0-0: Called Strike 0-1: Ball 1-1: Ball 2-1: SINGLE (Groundball, 6MD)
|
Batting: RHB Oliver Hernández
|
0-0: Foul Ball, location: 2F 0-1: Ball 1-1: Ball 2-1: Ball 3-1: Fly out, F8 (Flyball, 8RM)
|
Pitching: LHP Glenn Tutt
|
|
Batting: LHB José Rivas
|
0-0: Foul Ball, location: 2F 0-1: Ball 1-1: Ball 2-1: Ground out 4-3 (Groundball, 34)
|
Bottom of the 5th over - 0 run(s), 1 hit(s), 0 error(s), 1 left on base; Springfield 5 - Los Cabos 2 |
TOP OF THE 6TH |
Springfield Stars batting - Pitching for Los Cabos Cartel : RHP Jorge Jiménez
|
Batting: LHB Felipe Guerrero
|
0-0: Called Strike 0-1: Ball 1-1: Called Strike 1-2: Strikes out swinging
|
Batting: RHB Juan Rodríguez
|
0-0: Called Strike 0-1: Swinging Strike 0-2: Strikes out swinging
|
Batting: RHB Calvin Bennett
|
0-0: Called Strike 0-1: Ground out 4-3 (Groundball, 13)
|
Top of the 6th over - 0 run(s), 0 hit(s), 0 error(s), 0 left on base; Springfield 5 - Los Cabos 2 |
BOTTOM OF THE 6TH |
Los Cabos Cartel batting - Pitching for Springfield Stars : LHP Glenn Tutt
|
Batting: RHB Oliver Lugo
|
0-0: Called Strike 0-1: Swinging Strike 0-2: Ball 1-2: Ball 2-2: Foul Ball, location: 2F 2-2: Ball 3-2: Fly out, F9 (Flyball, 9M)
|
Batting: LHB Luis González
|
0-0: Ball 1-0: Ball 2-0: Swinging Strike 2-1: Swinging Strike 2-2: Ball 3-2: Base on Balls
|
Batting: RHB Sam Wallace
|
0-0: Called Strike 0-1: Fielders Choice at 2nd, U6 (Groundball, 6M)
|
Pitching: RHP Ramón Vélez
|
|
Batting: RHB Edgardo Madrid
|
0-0: Ball 1-0: Ball 2-0: Fly out, F8 (Flyball, 8RD)
|
Bottom of the 6th over - 0 run(s), 0 hit(s), 0 error(s), 1 left on base; Springfield 5 - Los Cabos 2 |
TOP OF THE 7TH |
Springfield Stars batting - Pitching for Los Cabos Cartel : RHP Jorge Jiménez
|
Batting: LHB César Valentín
|
0-0: Called Strike 0-1: Ball 1-1: Ball 2-1: Fly out, F9 (Flyball, 9LM)
|
Pitching: RHP Manny Velásquez
|
|
Batting: LHB Derek Davidson
|
0-0: Called Strike 0-1: Ball 1-1: Swinging Strike 1-2: Ball 2-2: Ball 3-2: SOLO HOME RUN (Flyball, 9LD), Distance : 363 ft
|
Batting: SHB David García
|
0-0: Ground out U3 (Groundball, 3L)
|
Batting: RHB Miguel Salinas
|
0-0: Ball 1-0: Ball 2-0: SINGLE (Line Drive, 7LS)
|
Batting: RHB José Pinto
|
0-0: Called Strike 0-1: Fly out, F8 (Flyball, 8RM)
|
Top of the 7th over - 1 run(s), 2 hit(s), 0 error(s), 1 left on base; Springfield 6 - Los Cabos 2 |
BOTTOM OF THE 7TH |
Los Cabos Cartel batting - Pitching for Springfield Stars : RHP Ramón Vélez
|
Batting: RHB Stephen Wilson
|
0-0: Ground out 6-3 (Groundball, 6M)
|
Batting: LHB Marc Brown
|
0-0: Ball 1-0: Foul Ball, location: 2F 1-1: Swinging Strike 1-2: Ball 2-2: Ground out U3 (Groundball, 3)
|
Batting: RHB Dan Mason
|
0-0: Called Strike 0-1: Ball 1-1: Ball 2-1: Foul Ball, location: 2F 2-2: Foul Ball, location: 2F 2-2: Strikes out looking
|
Bottom of the 7th over - 0 run(s), 0 hit(s), 0 error(s), 0 left on base; Springfield 6 - Los Cabos 2 |
TOP OF THE 8TH |
Springfield Stars batting - Pitching for Los Cabos Cartel : RHP Manny Velásquez
|
Batting: RHB Miguel Monteagudo
|
0-0: Called Strike 0-1: Swinging Strike 0-2: Foul Ball, location: 2F 0-2: Strikes out swinging
|
Batting: LHB Felipe Guerrero
|
0-0: Ball 1-0: Ball 2-0: Ball 3-0: Base on Balls
|
Batting: RHB Juan Rodríguez
|
0-0: Ball 1-0: Swinging Strike 1-1: Ball 2-1: Called Strike 2-2: Strikes out swinging
|
Batting: RHB Calvin Bennett
|
0-0: Called Strike 0-1: Ball 1-1: Ball 2-1: Foul Ball, location: 2F 2-2: Ball 3-2: Strikes out swinging
|
Top of the 8th over - 0 run(s), 0 hit(s), 0 error(s), 1 left on base; Springfield 6 - Los Cabos 2 |
BOTTOM OF THE 8TH |
Los Cabos Cartel batting - Pitching for Springfield Stars : RHP Ramón Vélez
|
Batting: RHB Oliver Hernández
|
0-0: Called Strike 0-1: Fly out, F9 (Line Drive, 89S)
|
Batting: LHB José Rivas
|
0-0: Called Strike 0-1: Foul Ball, location: 2F 0-2: Strikes out swinging
|
Batting: RHB Oliver Lugo
|
0-0: Called Strike 0-1: Swinging Strike 0-2: Ball 1-2: Strikes out swinging
|
Bottom of the 8th over - 0 run(s), 0 hit(s), 0 error(s), 0 left on base; Springfield 6 - Los Cabos 2 |
TOP OF THE 9TH |
Springfield Stars batting - Pitching for Los Cabos Cartel : RHP Manny Velásquez
|
Batting: LHB César Valentín
|
0-0: Ball 1-0: SINGLE (Flyball, 7LS)
|
Batting: LHB Derek Davidson
|
0-0: Ball 1-0: Called Strike 1-1: Swinging Strike 1-2: Strikes out swinging
|
Batting: SHB David García
|
0-0: Called Strike 0-1: Ball 1-1: Ball 2-1: Foul Ball, location: 2F 2-2: Grounds into double play, 4-6-3 (Groundball, 4)
|
Top of the 9th over - 0 run(s), 1 hit(s), 0 error(s), 0 left on base; Springfield 6 - Los Cabos 2 |
BOTTOM OF THE 9TH |
Los Cabos Cartel batting - Pitching for Springfield Stars : RHP Ramón Vélez
|
Batting: LHB Luis González
|
0-0: Ball 1-0: Foul Ball, location: 2F 1-1: Ball 2-1: Called Strike 2-2: Fly out, F7 (Popup, 56D)
|
Batting: RHB Sam Wallace
|
0-0: Ball 1-0: Fly out, F7 (Flyball, 7M)
|
Pitching: LHP Enrique Muñóz
|
|
Batting: RHB Edgardo Madrid
|
0-0: Ball 1-0: Ground out 1-3 (Groundball, 13)
|
Bottom of the 9th over - 0 run(s), 0 hit(s), 0 error(s), 0 left on base; Springfield 6 - Los Cabos 2 |
|